 Dungeon Crawl Stone Soup version 0.29-a0-317-gd16b76e6b1 (webtiles) character file.

Game seed: 14524929123678877296

48 abysscion the Sneak (level 3, -2/19 HPs)
             Began as a Vampire Conjurer on Mar 30, 2022.
             Slain by a goblin
             ... wielding a +0 club
             ... led by Robin
              (5 damage)
             ... on level 2 of the Dungeon.
             The game lasted 00:05:40 (1844 turns).

abysscion the Sneak (Vampire Conjurer)              Turns: 1844, Time: 00:05:40

Health: -2/19      AC:  2    Str:  8    XL:     3   Next: 50%
Magic:  1/6        EV: 12    Int: 20    God:
Gold:   95         SH:  5    Dex: 12    Spells: 2/6 levels left

rFire   . . .      SeeInvis +   n - +0 dagger
rCold   + + .      Faith    .   (no shield)
rNeg    + + +      Spirit   .   a - +0 robe
rPois   ∞          Reflect  +   (no helmet)
rElec   .          Harm     .   (no cloak)
rCorr   .          Rampage  .   (no gloves)
Will    .....                   (no boots)
Stlth   +++++.....              f - amulet of reflection
HPRegen 0.00/turn               (no ring)
MPRegen 0.10/turn               (no ring)

@: bloodless, inhibited regen
A: bloodless, fangs 3, see invisible, vampiric 2
a: Bat Form, Revivify


You were on level 2 of the Dungeon.
You visited 1 branch of the dungeon, and saw 2 of its levels.

You collected 95 gold pieces.

Inventory:

Hand Weapons
 e - a +0 short sword
 n - a +0 dagger (weapon)
Armour
 a - a +0 robe (worn)
Jewellery
 f - an amulet of reflection (around neck)
 i - an amulet of the acrobat
Scrolls
 c - 3 scrolls of fear {unknown}
 d - a scroll of vulnerability {unknown}
 h - 2 scrolls of identify {unknown}
 j - a scroll of magic mapping {unknown}
 k - a scroll of noise {unknown}
 l - a scroll of torment {unknown}
 m - a scroll of teleportation {unknown}
Potions
 b - a potion of magic
 g - a potion of cancellation {unknown}


   Skills:
 + Level 1.2 Short Blades
 - Level 2.1 Dodging
 * Level 5.3 Stealth
 - Level 1.0 Unarmed Combat
 - Level 2.0 Spellcasting
 - Level 2.9 Conjurations
 * Level 0.7 Hexes


You had 2 spell levels left.
You knew the following spells:

 Your Spells              Type           Power      Damage    Failure   Level
a - Magic Dart            Conj           52%        1d5       4%          1
b - Dazzling Flash        Conj/Hex       18%        N/A       22%         3

Your spell library contained the following spells:

 Spells                   Type           Power      Damage    Failure   Level
 Searing Ray              Conj           26%        2d5       7%          2
 Fulminant Prism          Conj/Hex       4%         3d6       58%         4
 Iskenderun's Mystic Bla  Conj/Tloc      7%         2d4       65%         4
 Iskenderun's Battlesphe  Conj           13%        2d7       78%         5
 Fireball                 Conj/Fire      3%         3d4       94%         5
 Conjure Ball Lightning   Conj/Air       3%         3x3d6     100%        6
 Orb of Destruction       Conj           6%         9d6       100%        7


Dungeon Overview and Level Annotations

Branches:
Dungeon (2/15)

Altars:


Innate Abilities, Weirdness & Mutations

You do not regenerate when monsters are visible.
You are frail without blood (-20% HP).
You can heal yourself when you bite living creatures.
You are immune to poison.
You have razor-sharp teeth.
You have supernaturally acute eyesight. (SInv)
You are afflicted with vampirism and can become a bat while bloodless.


Message History

You feel better.
Robin is severely wounded.
You block Robin's attack.
You hit Robin but do no damage.
Robin is severely wounded.
You closely miss Robin.
Robin is severely wounded.
Robin barely misses you. The goblin misses you.
You hit Robin.
Robin is almost dead.
Robin throws the goblin at you! The goblin barely misses you.
You hit Robin.
Robin is almost dead.
Robin hits you with a +0 spear. The goblin barely misses you. x2
You hit Robin but do no damage.
Robin is almost dead.
The goblin no longer looks unusually strong.
Robin throws the goblin at you! You block the goblin's attack.
The goblin barely misses you. The goblin attacks as you move away!
You block the goblin's attack. You block Robin's attack.
The goblin attacks as you move away! The goblin hits you with a +0 club.
The goblin attacks as you move away! The goblin hits you but does no damage.
You block Robin's attack. The goblin hits you with a +0 club.
The goblin attacks as you move away! You block the goblin's attack.
The goblin no longer looks unusually strong.
Robin roars a battlecry!
The goblins go into a battle-frenzy!
The goblin attacks as you move away! The goblin hits you with a +0 club.
Robin throws the goblin at you! The goblin closely misses you.
Robin closely misses you. The goblin hits you with a +0 club.
You closely miss Robin.
Robin is almost dead.
Robin hits you with a +0 spear.
* * * LOW HITPOINT WARNING * * *
The goblin barely misses you. x2
You hit Robin but do no damage. You bite Robin.
You kill Robin!
The goblin hits you with a +0 club.
You die...

# ###.....#.#........##.#
#########.....#.....#.........#
...†.....)....#.....#......####
#######....#..#.#.#.#......#
#.##...##.....#..###.#
#.#######.....#..###.# #.#
#.#.#.#......# #.#
#..)..#..##########
#.#######g@...#............
#>......#g#g#.##.##########
#########.....##.# # #.....##.#
# #.#.#.#..# # #.....#### #
#.....# # #.#.#.# #
###########.....### #


You could see 3 goblins.

Vanquished Creatures
  Robin (D:2)
  An adder (D:2)
  2 worms (D:2)
  A dart slug (D:1)
  A ball python (D:2)
  4 bats
  An endoplasm (D:2)
  2 giant cockroaches (D:2)
  9 goblins
  A hobgoblin (D:1)
  A quokka (D:2)
  A frilled lizard (D:1)
  A kobold (D:1)
  4 rats
30 creatures vanquished.

Notes
Turn   | Place    | Note
-------+----------+-------------------------------------------
     0 | D:1      | abysscion the Vampire Conjurer began the quest for the Orb.
     0 | D:1      | Reached XP level 1. HP: 13/13 MP: 3/3
   842 | D:1      | Reached XP level 2. HP: 15/15 MP: 3/5
   876 | D:1      | Reached skill level 4 in Stealth
   877 | D:1      | Reached skill level 1 in Unarmed Combat
  1130 | D:2      | Gained mutation: You are afflicted with vampirism and can
                  | become a bat while bloodless. [Vampire growth]
  1130 | D:2      | Reached XP level 3. HP: 12/19 MP: 0/6
  1252 | D:2      | Found a faded altar of an unknown god.
  1284 | D:2      | Reached skill level 1 in Short Blades
  1303 | D:2      | Reached skill level 5 in Stealth
  1499 | D:1      | Learned a level 3 spell: Dazzling Flash
  1537 | D:2      | Noticed Robin
  1844 | D:2      | Killed Robin
  1844 | D:2      | Slain by a goblin

Illustrated notes

Levels and vault maps discovered:
D:1:      ebering_trefoil_3fold, layout_loops_ring, minmay_close_crescents
D:2:      layout_loops_ring, hellmonk_ecumenical_altar_blasted,
          columned_hall_lemuel, uniq_robin

Skill      XL: |  1  2  3 |
---------------+----------+-----
Stealth        | 4 5 |  5.3
Unarmed Combat | 1 |  1.0
Short Blades   | 1 |  1.2
Dodging        | |  2.1
Spellcasting   | |  2.0
Conjurations   | |  2.9
Hexes          | |  0.7

Action                   || total
-------------------------++-------
Melee: Unarmed           ||     5
       Short sword       ||    33
       Bite              ||     7
       Punch             ||     1
       Dagger            ||    17
 Cast: Magic Dart        ||    47
 Abil: Exsanguinate      ||     1
 Stab: Sleeping          ||     7
Armor: Robe              ||    10
Dodge: Dodged            ||    33
Block: Other             ||    18

Table legend: (Time is in decaauts)
 A = Elapsed time spent in this place.
 B = Non-inter-level travel time spent in this place.
 C = Inter-level travel time spent in this place.
 D = Time resting spent in this place.
 E = Time spent auto-exploring this place.
 F = Levels seen in this place.
 G = Mean time per level.
                   A        B        C        D        E       F      G
               +--------+--------+--------+--------+--------+-----+--------+
         Total |   1845 |   1808 |     37 |     58 |   1404 |   2 |  922.5 |
       Dungeon |   1845 |   1808 |     37 |     58 |   1404 |   2 |  922.5 |
               +--------+--------+--------+--------+--------+-----+--------+

Top non-repeatable levels by time:
     D:1: 975 daAuts
     D:2: 869 daAuts
